 Dungeon Crawl Stone Soup version 0.19.4-8-ga85b6b9 (webtiles) character file.

2304 vatarom the Conjurer (level 9, -5/67 HPs)
             Began as a Red Draconian Air Elementalist on Feb 8, 2017.
             Was a Believer of Sif Muna.
             Slain by a hornet (9 damage)
             ... on level 6 of the Dungeon.
             The game lasted 00:21:22 (7438 turns).

vatarom the Conjurer (DrAE)                         Turns: 7438, Time: 00:21:23

Health: -5/67      AC: 10    Str: 16    XL:     9   Next: 18%
Magic:  14/18      EV: 12    Int: 19    God:    Sif Muna [**....]
Gold:   430        SH:  0    Dex: 13    Spells: 5 memorised, 7 levels left

rFire  + . .     SeeInvis +     b - +2 flail (drain)
rCold  . . .     Gourm    .     (armour unavailable)
rNeg   . . .     Faith    .     (no shield)
rPois  .         Spirit   .     (helmet restricted)
rElec  .         Reflect  .     h - +1 cloak of Yquz {Str+5 Dex+2}
rCorr  .         Harm     .     l - +0 pair of gloves
MR     .....                    (no boots)
Stlth  +++.......               w - amulet of magic regeneration
                                k - ring of stealth
                                c - ring of see invisible

@: lethally poisoned (-5 -> -12), slowed, repel missiles, divine energy, very
slow
A: breathe fire, unfitting armour, fire resistance 1, cold-blooded, AC +7
a: Breathe Fire, Stop Divine Energy, Renounce Religion


You were on level 6 of the Dungeon.
You worshipped Sif Muna.
Sif Muna was pleased with you.
You were not hungry.

You visited 2 branches of the dungeon, and saw 8 of its levels.

You collected 430 gold pieces.

Inventory:

Hand Weapons
 b - a +2 flail of draining (weapon)
Armour
 h - the +1 cloak of Yquz (worn) {Str+5 Dex+2}
   (You found it on level 4 of the Dungeon)

   It affects your strength (+5).
   It affects your dexterity (+2).
 l - a +0 pair of gloves (worn)
Jewellery
 c - a ring of see invisible (left hand)
 d - an uncursed amulet of faith
 k - a ring of stealth (right hand)
 w - an amulet of magic regeneration (around neck)
 y - an uncursed ring of protection from cold {unknown}
Wands
 e - a wand of lightning (10/15)
 f - a wand of lightning (8/15)
 o - a wand of disintegration (12/24)
 s - a wand of polymorph (10/24)
 v - a wand of confusion (24/48)
Scrolls
 i - 2 scrolls of magic mapping
 j - 4 scrolls of recharging
 m - 8 scrolls of identify
 n - 4 scrolls of remove curse
 r - a scroll of fog
 t - a scroll of enchant weapon {unknown}
 u - a scroll of teleportation
 x - a scroll of amnesia
Books
 a - a book of Air

   Spells                             Type                      Level
   a - Shock                          Conjuration/Air              1
   b - Swiftness                      Charms/Air                   2
   c - Repel Missiles                 Charms/Air                   2
   d - Static Discharge               Conjuration/Air              3
   e - Lightning Bolt                 Conjuration/Air              5
Comestibles
 p - a bread ration


   Skills:
 - Level 2.1 Fighting
 - Level 1.7 Dodging
 - Level 1.7 Stealth
 - Level 6.0 Spellcasting
 + Level 7.9 Conjurations
 - Level 7.3 Air Magic


You had 7 spell levels left.
You knew the following spells:

 Your Spells              Type           Power        Failure   Level  Hunger
a - Shock                 Conj/Air       ####         1%          1    None
b - Repel Missiles        Chrm/Air       ###...       4%          2    None
c - Swiftness             Chrm/Air       ###.....     4%          2    None
d - Static Discharge      Conj/Air       ####....     1%          3    ##.....
e - Lightning Bolt        Conj/Air       ####......   14%         5    #####..


Dungeon Overview and Level Annotations

Branches:
Dungeon (7/15)             Temple (1/1) D:4

Altars:
Ashenzari
Cheibriados
Dithmenos
Elyvilon
Fedhas
Gozag
Hepliaklqana
Makhleb
Okawaru
Qazlal
Ru
Sif Muna
Trog
Uskayaw
Vehumet
Xom
Zin
The Shining One


Innate Abilities, Weirdness & Mutations

You can breathe blasts of fire.
Your fiery red scales are hard. (AC +7)
You cannot fit into any form of body armour.
Your flesh is heat resistant. (rF+)
You are cold-blooded and may be slowed by cold attacks.


Message History

Casting: Shock
Confirm with . or Enter, or press ? or * to list all spells.
Aiming: Shock
Press: ? - help, Shift-Dir - straight line, f/p - hornet
Aim: a hornet (almost dead)
The zap misses the hornet.
* * * LOW HITPOINT WARNING * * *
You feel sick. The hornet barely misses you. The hornet misses you.
The hornet stings you but does no damage.
You aren't carrying any potions.
Casting: Shock
Confirm with . or Enter, or press ? or * to list all spells.
Aiming: Shock
Press: ? - help, Shift-Dir - straight line, f/p - hornet
Aim: a hornet (almost dead)
The zap misses the hornet.
You have got your breath back.
* * * LOW HITPOINT WARNING * * *
You feel sick. The hornet stings you!
You die...

###### ...P.###
.♣≈≈.♣.####### ###
≈.≈.≈≈....^..# #.#
≈≈.≈≈≈♣......# #.#
.≈≈≈≈≈♣...##.# #.#
≈.≈≈≈≈....##.# #.#
≈≈≈≈≈♣....##.####.#
P≈≈≈.≈♣.........@.#
≈≈≈≈≈≈....<#.###y.#
≈≈≈≈≈.........[...#
P≈≈≈.......#####..#
.♣.P.......#####..#
#.#...............#
#.#.......#.#####.#
#...........# #.#
###########'### #.#


You could see a hornet.

Vanquished Creatures
  A hungry ghost (D:4)
  2 sky beasts (D:5)
  Duvessa (D:6)
  A black bear (D:6)
  A necrophage (D:5)
  2 phantoms
  2 ogres
  2 centaurs (D:6)
  3 bullfrogs
  Dowan (D:6)
  3 killer bees
  2 electric eels (D:6)
  The ghost of Thomus the Magician, a weakling DsWz (D:3)
  A howler monkey (D:5)
  3 crimson imps (D:6)
  A centaur zombie (D:6)
  3 hounds
  An orc priest (D:5)
  An iguana (D:4)
  4 orc wizards
  A worker ant (D:6)
  2 hound zombies
  2 hound skeletons
  A worker ant zombie (D:6)
  A howler monkey skeleton (D:5)
  11 adders
  A shadow imp (D:6)
  An adder zombie (D:6)
  2 worms
  3 dart slugs
  3 leopard geckos
  15 orcs
  6 bats
  5 giant cockroaches
  5 goblins
  13 hobgoblins
  5 kobolds
  2 quokkas
  3 ball pythons
  4 frilled lizards
  A leopard gecko skeleton (D:7)
  7 rats
130 creatures vanquished.

Vanquished Creatures (others)
  A leopard gecko (D:6)
1 creature vanquished.

Grand Total: 131 creatures vanquished

Notes
Turn   | Place    | Note
-------+----------+-------------------------------------------
     0 | D:1      | vatarom the Draconian Air Elementalist began the quest for the Orb.
     0 | D:1      | Reached XP level 1. HP: 14/14 MP: 3/3
   138 | D:1      | Reached skill level 1 in Fighting
   240 | D:1      | Reached XP level 2. HP: 23/23 MP: 3/5
   369 | D:1      | Learned a level 2 spell: Repel Missiles
   456 | D:1      | Learned a level 2 spell: Swiftness
  1254 | D:2      | Reached XP level 3. HP: 29/29 MP: 1/6
  1466 | D:2      | Found a white marble altar of Elyvilon.
  2513 | D:3      | Reached XP level 4. HP: 36/36 MP: 3/7
  2737 | D:3      | Noticed Thomus's ghost (weakling DsWz)
  2746 | D:3      | Killed Thomus's ghost
  2828 | D:3      | Found a blossoming altar of Fedhas.
  3130 | D:4      | Reached XP level 5. HP: 33/41 MP: 2/8
  3145 | D:4      | Learned a level 3 spell: Static Discharge
  3180 | D:4      | Found an iron altar of Okawaru.
  3307 | D:4      | Reached XP level 6. HP: 39/48 MP: 0/9
  3350 | D:4      | Noticed a hungry ghost
  3387 | D:4      | Killed a hungry ghost
  3387 | D:4      | Reached skill level 5 in Air Magic
  3671 | D:4      | Found a staircase to the Ecumenical Temple.
  3677 | D:4      | Your scales start taking on a fiery red colour.
  3677 | D:4      | Reached XP level 7. HP: 42/55 MP: 0/10
  3677 | D:4      | Gained mutation: Your flesh is heat resistant. (rF+) [Red Draconian growth]
  3697 | Temple   | Entered the Ecumenical Temple
  3769 | Temple   | Became a worshipper of Sif Muna the Loreminder
  3925 | D:4      | Got a transparent cloak
  3931 | D:4      | Identified the +1 cloak of Yquz {Str+5 Dex+2} (You found it on level 4 of the Dungeon)
  4202 | D:5      | Entered Level 5 of the Dungeon
  4373 | D:5      | Reached * piety under Sif Muna
  4571 | D:5      | Reached XP level 8. HP: 53/61 MP: 3/14
  4612 | D:5      | Learned a level 5 spell: Lightning Bolt
  4736 | D:5      | Found an opulent altar of Gozag.
  4756 | D:5      | Found a glowing golden altar of the Shining One.
  4818 | D:5      | Reached skill level 5 in Spellcasting
  5330 | D:6      | Found a blossoming altar of Fedhas.
  5340 | D:6      | Found a hide-covered altar of Uskayaw.
  5342 | D:6      | Found an iron altar of Okawaru.
  5702 | D:6      | Reached skill level 5 in Conjurations
  5767 | D:6      | Found a glowing silver altar of Zin.
  5770 | D:6      | Noticed Dowan
  5775 | D:6      | Noticed Duvessa
  5805 | D:6      | Killed Dowan
  5805 | D:6      | Reached ** piety under Sif Muna
  5872 | D:6      | Killed Duvessa
  6142 | D:6      | Found a shimmering altar of Xom.
  6143 | D:6      | Found a shimmering altar of Xom.
  6146 | D:6      | Found a shimmering altar of Xom.
  6146 | D:6      | Found a shimmering altar of Xom.
  6146 | D:6      | Found a shimmering altar of Xom.
  6150 | D:6      | Found a shimmering altar of Xom.
  6150 | D:6      | Found a shimmering altar of Xom.
  6502 | D:7      | Noticed a hornet
  6557 | D:6      | Reached XP level 9. HP: 40/67 MP: 14/18
  6841 | D:6      | Paralysed by a hornet for 2 turns
  6843 | D:6      | HP: 2/67 [hornet (11)]
  7433 | D:6      | Paralysed by a hornet for 3 turns
  7438 | D:6      | Slain by a hornet

Skill      XL: |  1  2  3  4  5  6  7  8  9 |
---------------+----------------------------+-----
Fighting       | 1 2 |  2.1
Conjurations   | 2 3 4 6 7 |  7.9
Air Magic      | 4 6 7 |  7.3
Spellcasting   | 4 6 |  6.0
Dodging        | |  1.7
Stealth        | |  1.7

Action                   |  1- 3 |  4- 6 |  7- 9 || total
-------------------------+-------+-------+-------++-------
Melee: Unarmed           |    14 |       |       ||    14
       Dagger            |    27 |       |       ||    27
       Tailslap          |     2 |     5 |    27 ||    34
       Flail             |     2 |   101 |   157 ||   260
 Cast: Shock             |    83 |    49 |    74 ||   206
       Repel Missiles    |     2 |       |     2 ||     4
       Swiftness         |     2 |       |       ||     2
       Static Discharge  |       |     4 |    18 ||    22
       Lightning Bolt    |       |       |     8 ||     8
Invok: Divine Energy     |       |       |     1 ||     1
 Abil: Breathe Fire      |       |       |     9 ||     9
  Use: Scroll            |     8 |     2 |     1 ||    11
       Potion            |     5 |     2 |     4 ||    11
 Stab: Sleeping          |     1 |       |     4 ||     5
  Eat: Bread ration      |     1 |     1 |       ||     2
       Chunk             |     1 |     8 |     9 ||    18
       Meat ration       |     1 |       |     1 ||     2
       Royal jelly       |       |       |     2 ||     2
Armor: Skin              |    20 |    74 |   111 ||   205
Dodge: Dodged            |    30 |    77 |   170 ||   277
       Deflected         |     1 |     1 |     4 ||     6
